 Dungeon Crawl Stone Soup version 0.17.1-2-g5865329 (webtiles) character file.

16 KH9Zz the Grave Robber (level 2, -3/22 HPs)
             Began as a Deep Dwarf Necromancer on Feb 2, 2016.
             Slain by a goblin
             ... wielding a +2 dagger of speed
             ... led by Robin
              (5 damage)
             ... on level 2 of the Dungeon.
             The game lasted 00:08:53 (419 turns).

KH9Zz the Grave Robber (Deep Dwarf Necromancer)      Turns: 419, Time: 00:08:53

Health: -3/22      AC:  2    Str: 11    XL:     2   Next: 41%
Magic:  4/4        EV: 12    Int: 15    God:
Gold:   57         SH:  0    Dex: 13    Spells: 2 memorised, 2 levels left

rFire  . . .     SeeInvis .     h - +0 hunting sling
rCold  . . .     Clarity  .     a - +0 robe
rNeg   . . .     SustAt   .     (no shield)
rPois  .         Gourm    .     (no helmet)
rElec  .         Spirit   .     (no cloak)
rCorr  .         Warding  .     (no gloves)
rMut   .         Stasis   .     (no boots)
MR     .....                    (no amulet)
Stlth  ++........               (no ring)
                                (no ring)

@: non-regenerating, not resistant to hostile enchantments, unstealthy
A: damage resistance, recharge devices, sense surroundings 1, slow regeneration
3
a: Device Recharging


You were on level 2 of the Dungeon.
You were not hungry.

You visited 1 branch of the dungeon, and saw 2 of its levels.

You collected 57 gold pieces.

Inventory:

Hand Weapons
 e - a +0 club
 h - a +0 hunting sling (weapon)
Missiles
 f - 23 arrows
 g - 42 sling bullets (quivered)
Armour
 a - a +0 robe (worn)
Wands
 c - a wand of heal wounds (3)
Scrolls
 i - a scroll of teleportation {unknown}
 j - a scroll of identify {unknown}
Books
 b - a book of Necromancy

   Spells                             Type                      Level
   a - Pain                           Necromancy                   1
   b - Animate Skeleton               Necromancy                   1
   c - Vampiric Draining              Necromancy                   3
   d - Regeneration                   Charms/Necromancy            3
   e - Animate Dead                   Necromancy                   4
   f - Control Undead                 Necromancy                   4
Comestibles
 d - a bread ration


   Skills:
 + Level 0.1 Fighting
 + Level 0.2 Slings
 + Level 2.4 Dodging
 + Level 2.5 Stealth
 + Level 1.8 Spellcasting
 + Level 4.8 Necromancy


You had 2 spell levels left.
You knew the following spells:

 Your Spells              Type           Power        Failure   Level  Hunger
a - Pain                  Necr           ###.         3%          1    ##.....
b - Animate Skeleton      Necr           N/A          3%          1    ##.....


Dungeon Overview and Level Annotations

Branches:
Dungeon (2/15)

Altars:

Annotations:
D:2 Robin


Innate Abilities, Weirdness & Mutations

You are resistant to damage.
You can recharge devices by infusing magical energy.
You passively map a small area around you.
You do not regenerate naturally.


Message History

You clumsily bash the goblin but do no damage.
The goblin hits you. The goblin closely misses you.
The goblin hits you but does no damage. The goblin hits you.
The goblin hits you with a club. The goblin misses you.
The goblin closely misses you.
A goblin comes into view. It is wielding a club.
The goblin shouts!
You clumsily bash the goblin but do no damage.
Robin roars a battlecry!
The goblins go into a battle-frenzy!
The goblin hits you with a dagger of speed.
* * * LOW HITPOINT WARNING * * *
The goblin closely misses you. The goblin misses you.
The goblin closely misses you. The goblin hits you but does no damage.
You hear a shout!
You clumsily bash the goblin but do no damage.
The goblin hits you but does no damage. The goblin barely misses you.
The goblin hits you but does no damage.
The goblin hits you with a dagger of speed.
You die...

, *,*###.#...##.# ,
,#.##..........# .# ##
#.#$##.#.##.##### ..
*.###.,#.##.#.##.#
.###.#.* #.##.#.##.#
#,* ...#.# #.##.#.##.#
#.###.##.## #.##.#.##.#
#.#>#.#...###g##.#.##.#
#..#....<.ggg@g..†....#
#.#.......####g#####..#
####....#.#.##....#
#..#
..................#
#..#
#####...#.#.#####.#
#.## ##......#
#.#####.# #.##.###
#.......# #.##.#
####.#### #.##.# #.#


You could see Robin and 5 goblins.

Vanquished Creatures
  An ooze (D:2)
  A worm (D:2)
  3 bats
  2 giant cockroaches
  A hobgoblin (D:1)
  A giant gecko (D:1)
9 creatures vanquished.

Notes
Turn   | Place    | Note
--------------------------------------------------------------
     0 | D:1      | KH9Zz the Deep Dwarf Necromancer began the quest for the Orb.
     0 | D:1      | Reached XP level 1. HP: 15/15 MP: 3/3
   239 | D:2      | Learned a level 1 spell: Animate Skeleton
   254 | D:2      | Reached XP level 2. HP: 14/22 MP: 1/4
   376 | D:2      | Noticed Robin
   419 | D:2      | Slain by a goblin

Action                   || total
-------------------------++-------
Melee: Club              ||     7
       Hunting sling     ||    12
       Unarmed           ||     1
 Fire: Hunting sling     ||    13
 Cast: Pain              ||    14
Evoke: Wand              ||     2
  Use: Scroll            ||     1
